AoeStats
← malon

Scandinavia

510569126Analyzed
1v1 RM · 18h ago on Oct 1, 2026· 45m 22s· 2 players
Game mode
Random Map
Map size
Tiny (2 player)
Population
200
Speed
Normal
Resources
Standard
Victory
Conquest
Starting age
Dark Age
Ending age
Imperial Age
RankedLock teamsTeams togetherTeam positionsShared explorationLock speedFull tech treeHidden civsTurbo modeCheats
Victory
Defeat
🇧🇪 Teutons · Belgium
840
+19
🇺🇸 Varangians · United States
899
-19
malon
3:12 Loom
10:39 Feudal Age
11:25 Double-Bit Axe
11:22 Horse Collar
11:14 Man-at-Arms
12:30 Gold Mining
15:42 Arson
17:51 Forging
21:40 Castle Age
20:04 Stone Mining
20:17 Scale Mail Armor
20:09 Fletching
21:52 Bloodlines
21:52 Scale Barding Armor
23:53 Chain Barding Armor
23:59 Heavy Plow
27:10 Iron Casting
26:49 Bodkin Arrow
28:02 Chain Mail Armor
28:19 Padded Archer Armor
28:31 Elite Skirmisher
30:44 Wheelbarrow
32:42 Leather Archer Armor
32:44 Town Watch
34:40 Squires
37:32 Imperial Age
35:38 Redemption
36:57 Hand Cart
40:47 Elite Teutonic Knight
43:27 Blast Furnace
43:02 Ring Archer Armor
43:44 Ballistics
44:25 Chemistry
DryDOM511
10:01 Loom
12:00 Feudal Age
13:57 Double-Bit Axe
24:15 Castle Age
28:13 Bow Saw
27:45 Horse Collar
28:27 Fletching
30:11 Bodkin Arrow
31:37 Padded Archer Armor
32:22 Heavy Plow
33:34 Ballistics
33:35 Leather Archer Armor
35:02 Scale Barding Armor
35:32 Gold Mining
35:44 Murder Holes
36:12 Bloodlines
36:03 Husbandry
40:31 Imperial Age
39:24 Forging
39:17 Fishing Lines
40:54 Gambesons
41:09 Squires
42:05 Elite Varangian Guard
Connection lost

Rejoining the realm…

Still unreachable

The connection could not be restored.

Session expired

The server has moved on; the page needs a fresh start.